 Dungeon Crawl Stone Soup version 0.17-a0-1210-g1e4f09d (webtiles) character file.

497 patman the Cudgeler (level 7, 0/52 HPs)
             Began as a Human Chaos Knight on June 3, 2015.
             Killed from afar by Dowan (11 damage)
             ... with a shard of ice
             ... on level 4 of the Dungeon.
             The game lasted 00:08:36 (3865 turns).

patman the Cudgeler (Human Chaos Knight)            Turns: 3865, Time: 00:08:36

Health: 0/52       AC: 12    Str: 12    XL:     7   Next: 39%
Magic:  7/7        EV: 11    Int: 13    God:    Xom [..*...]
Gold:   209        SH:  0    Dex: 14    Spells: 0 memorised, 6 levels left

rFire  . . .     SeeInvis .     a - +0 mace (chaos)
rCold  . . .     Clarity  .     b - +2 leather armour
rNeg   . . .     SustAt   .     (no shield)
rPois  .         Gourm    .     o - +0 helmet
rElec  .         Spirit   .     s - +1 cloak
rCorr  .         Warding  .     r - +2 pair of gloves
rMut   .         Stasis   .     m - +0 pair of boots
MR     .....                    (no amulet)
Stlth  +.........               (no ring)
                                (no ring)

@: very slightly contaminated, invisible, not resistant to hostile enchantments,
very unstealthy
A: no striking features
a: Renounce Religion


You were on level 4 of the Dungeon.
You worshipped Xom.
You were a toy of Xom.
You were hungry.

You visited 1 branch of the dungeon, and saw 4 of its levels.

You collected 209 gold pieces.

Inventory:

Hand weapons
 a - a +0 mace of chaos (weapon)
 z - a +2 trident of pain
Missiles
 l - 7 steel javelins (quivered)
Armour
 b - a +2 leather armour (worn)
 m - a +0 pair of boots (worn)
 o - a +0 helmet (worn)
 r - a +2 pair of gloves (worn)
 s - a +1 cloak (worn)
Jewellery
 w - an uncursed ring of ice
Magical devices
 n - a wand of invisibility (1)
Scrolls
 g - a scroll of immolation {unknown}
 h - a scroll of teleportation {unknown}
 i - a scroll of blinking {unknown}
 j - 2 scrolls of identify {unknown}
 k - a scroll of fog {unknown}
 p - a scroll of enchant armour {unknown}
 q - a scroll of remove curse {unknown}
 t - 2 scrolls of recharging {unknown}
 u - a scroll of noise {unknown}
 y - a scroll of enchant weapon {unknown}
Potions
 d - 2 potions of curing {unknown}
 e - a potion of lignification {unknown}
Comestibles
 c - 3 bread rations
 f - 2 meat rations
 v - 7 chunks of flesh
 x - a beef jerky


   Skills:
 - Level 3.0 Fighting
 + Level 7.9 Maces & Flails
 - Level 2.0 Armour
 - Level 1.0 Dodging


You had 6 spell levels left.
You didn't know any spells.

Dungeon Overview and Level Annotations

Branches:
Dungeon (4/15)
 Temple: D:4-7

Altars:
Kikubaaqudgha
Qazlal
Vehumet
Zin

Annotations:
D:4 Dowan


Message History

Duvessa stops moving altogether!
Dowan points at Duvessa and mumbles some strange words.
The puff of flame hits Duvessa.
You sock Duvessa! You freeze Duvessa.
Duvessa is heavily wounded.
You hit Duvessa.
There is a sudden explosion of sparks!
Duvessa is almost dead.
You hit Duvessa. You freeze Duvessa.
Duvessa is almost dead.
You hit Duvessa but do no damage.
There is a sudden explosion of sparks!
You kill Duvessa!
Dowan screams, "No!
Oh no!"
Dowan seems to find hidden reserves of power!
You are feeling hungry.
Dowan hits you but does no damage.
You closely miss Dowan. Dowan casts a spell at you. The shard of ice hits you!
You die...
Xom chuckles heartily!

* #<)......# *
#.....<#..o#
##..##..# .. *
######.# ###.#####
##.......## ####..
#.......).####.....
#.........##...#
##......[..@e#
#####....###...#
#####...##.# .#...#
#......###.# .#
#... #.##...#
#.###.# #.
##...###.#...#
#.....##...###
##....)....###
#...<.......#


You could see Dowan.

Vanquished Creatures
  Duvessa (D:4)
  An ogre (D:4)
  A vampire bat (D:3)
  A centaur skeleton (D:4)
  Ijyb (D:2)
  Natasha (D:4)
  An iguana (D:3)
  A worker ant zombie (D:3)
  Robin (D:3)
  2 gnolls
  4 adders
  5 worms
  4 giant geckos
  6 orcs
  2 bat skeletons (D:3)
  2 bat zombies (D:3)
  2 giant cockroaches
  17 goblins
  4 hobgoblins
  3 quokkas (D:2)
  A ball python (D:2)
  6 bats
  A giant gecko (shapeshifter) (D:3)
  8 giant newts
  7 kobolds
  6 rats
89 creatures vanquished.

Notes
Turn   | Place    | Note
--------------------------------------------------------------
     0 | D:1      | patman the Human Chaos Knight began the quest for the Orb.
     0 | D:1      | Reached XP level 1. HP: 18/18 MP: 1/1
   139 | D:1      | Reached XP level 2. HP: 22/24 MP: 2/2
   588 | D:1      | XOM: divination: magic mapping
   902 | D:2      | XOM is BORED!
   902 | D:2      | XOM: silly message
   928 | D:2      | XOM: harmless Necr miscast
  1090 | D:2      | Reached skill level 4 in Maces & Flails
  1090 | D:2      | Reached XP level 3. HP: 21/29 MP: 3/3
  1372 | D:2      | XOM: harmless Hex miscast
  1374 | D:2      | Noticed Ijyb
  1396 | D:2      | Killed Ijyb
  1396 | D:2      | Reached XP level 4. HP: 25/35 MP: 4/4
  1620 | D:2      | Reached skill level 5 in Maces & Flails
  2119 | D:3      | Noticed Robin
  2130 | D:3      | Killed Robin
  2130 | D:3      | Reached XP level 5. HP: 28/41 MP: 5/5
  2435 | D:3      | Found a radiant altar of Vehumet.
  2586 | D:3      | Found a stormy altar of Qazlal.
  2592 | D:3      | XOM: mild Chrm miscast
  2828 | D:3      | Found a glowing silver altar of Zin.
  3063 | D:3      | Found an ancient bone altar of Kikubaaqudgha.
  3083 | D:3      | Reached skill level 6 in Maces & Flails
  3128 | D:3      | Reached XP level 6. HP: 44/47 MP: 6/6
  3164 | D:4      | XOM: butterfly on damage
  3196 | D:3      | XOM: divination: detect creatures
  3204 | D:3      | XOM: potion effect (invisibility)
  3238 | D:4      | Noticed Natasha
  3251 | D:4      | XOM: divination: detect items
  3257 | D:4      | Killed Natasha
  3333 | D:4      | XOM: divination: magic mapping
  3384 | D:4      | XOM: mild Divn miscast
  3661 | D:4      | Reached skill level 7 in Maces & Flails
  3661 | D:4      | Reached XP level 7. HP: 50/52 MP: 7/7
  3841 | D:4      | Noticed Duvessa
  3844 | D:4      | XOM: potion effect (invisibility)
  3845 | D:4      | Noticed Dowan
  3850 | D:4      | XOM: harmless Trmt miscast
  3864 | D:4      | Killed Duvessa
  3865 | D:4      | Killed from afar by Dowan

Vault maps used:
D:1:      scummos_arrival_star, nrook_loot_triangle
D:2:      uniq_iyjb
D:3:      lemuel_crystal_altar, kennysheep_vampire_church,
          lemuel_coloured_pillars_altar, first_bread, grunt_qazlal_clouds,
          uniq_robin
D:4:      old_standard_altar, uniq_natasha, uniq_duvessa, uniq_pikel

Action                   |  1- 3 |  4- 6 |  7- 9 || total
-------------------------+-------+-------+-------++-------
Melee: Mace              |   102 |   217 |    33 ||   352
Throw: Javelin           |       |     4 |       ||     4
Evoke: Wand              |       |       |     1 ||     1
 Stab: Petrifying        |     1 |       |       ||     1
       Petrified         |     1 |       |       ||     1
       Paralysed         |     2 |     3 |       ||     5
       Sleeping          |       |     2 |       ||     2
       Invisible         |       |     4 |       ||     4
  Eat: Chunk             |     2 |     8 |       ||    10
